 Dungeon Crawl Stone Soup version 0.22-a0-280-g69bf1f3 (webtiles) character file.

14471 lilbarb the Thaumaturge (level 11, -7/97 HPs)
             Began as a Pale Draconian Conjurer on Mar 16, 2018.
             Was a Priest of Makhleb.
             Mangled by a spiny frog (19 damage)
             ... on level 2 of the Lair of Beasts.
             The game lasted 00:49:20 (18089 turns).

lilbarb the Thaumaturge (Pale Draconian Conjurer)  Turns: 18089, Time: 00:49:21

Health: -7/97      AC:  8    Str: 12    XL:     11   Next: 89%
Magic:  22/24      EV: 14    Int: 18    God:    Makhleb [***...]
Gold:   721        SH:  4    Dex: 11    Spells: 21/29 levels left

rFire    + . .     SeeInvis .   z - +9 sword of Zonguldrok {reap}
rCold    . . .     Gourm    .   m - +0 buckler
rNeg     + . .     Faith    .   (armour unavailable)
rPois    .         Spirit   .   (helmet restricted)
rElec    .         Reflect  .   (no cloak)
rCorr    .         Harm     .   (no gloves)
MR       .....                  e - +0 pair of boots
Stlth    ++........             x - amulet of the acrobat
HPRegen  0.26/turn              G - ring of protection from fire
MPRegen  0.19/turn              H - ring of positive energy

@: lethally poisoned (-7 -> -8), short of breath
A: breathe steam, unfitting armour, cold-blooded, AC +7
a: Breathe Steam, Minor Destruction, Lesser Servant of Makhleb, Renounce
Religion


You were on level 2 of the Lair of Beasts.
You worshipped Makhleb.
Makhleb was most pleased with you.
You were not hungry.

You visited 3 branches of the dungeon, and saw 14 of its levels.

You collected 784 gold pieces.
You spent 63 gold pieces at shops.

Inventory:

Hand Weapons
 z - the +9 sword of Zonguldrok (weapon) {reap}
   (You found it on level 4 of the Dungeon)

   If a monster killed with it leaves a corpse in good enough shape, the corpse
   will be animated as a zombie friendly to the killer.
Missiles
 q - a throwing net (quivered)
Armour
 e - a +0 pair of boots (worn)
 m - a +0 buckler (worn)
Jewellery
 u - an uncursed amulet of magic regeneration
 x - an amulet of the acrobat (around neck)
 G - a ring of protection from fire (left hand)
 H - a ring of positive energy (right hand)
Wands
 n - a wand of paralysis (10)
 r - a wand of flame (49)
 s - a wand of polymorph (16)
 D - a wand of scattershot (8)
 J - a wand of random effects (52)
Scrolls
 c - 9 scrolls of remove curse
 h - 3 scrolls of enchant armour
 k - 2 scrolls of blinking
 p - 3 scrolls of teleportation
 v - 2 scrolls of random uselessness {unknown}
 y - a scroll of magic mapping {unknown}
 B - a scroll of amnesia {unknown}
 L - 2 scrolls of summoning {unknown}
 M - 2 scrolls of immolation {unknown}
 N - 3 scrolls of enchant weapon {unknown}
Potions
 a - 6 potions of might
 d - 4 potions of flight
 f - 7 potions of curing
 i - a potion of heal wounds
 l - 2 potions of berserk rage {unknown}
 t - 3 potions of haste
 w - 2 potions of magic
 A - 3 potions of cancellation
 C - 4 potions of lignification
 E - a potion of experience {unknown}
 F - a potion of brilliance {unknown}
 I - a potion of invisibility {unknown}
Comestibles
 b - 7 rations


   Skills:
 + Level 9.1 Fighting
   Level 6.2(7.9) Short Blades
 * Level 7.5(8.6) Long Blades
 + Level 5.9 Dodging
 - Level 1.7 Stealth
 - Level 4.0 Shields
 + Level 9.5 Spellcasting
 - Level 8.1 Conjurations
 - Level 2.0 Hexes


You had 21 spell levels left.
You knew the following spells:

 Your Spells              Type           Power        Failure   Level  Hunger
a - Magic Dart            Conj           ####         1%          1    None
b - Dazzling Spray        Conj/Hex       ####..       3%          3    None
c - Iskenderun's Mystic   Conj           #####...     3%          4    ###....


Dungeon Overview and Level Annotations

Branches:
Dungeon (11/15)            Temple (1/1) D:6            Lair (2/6) D:11
    Orc (0/2) D:11
  Swamp: Lair:2-4    Shoals: Lair:2-4     Snake: Lair:2-4    Spider: Lair:2-4

Altars:
Ashenzari
Cheibriados
Dithmenos
Elyvilon
Fedhas
Gozag
Hepliaklqana
Kikubaaqudgha
Makhleb
Nemelex Xobeh
Okawaru
Qazlal
Ru
Sif Muna
Trog
Uskayaw
Vehumet
Wu Jian
Xom
Yredelemnul
Zin
The Shining One

Shops:
D:9 (   D:10 [

Annotations:
D:1 exclusion: downstairs
D:2 exclusion: door
D:4 exclusion: downstairs
D:9 exclusion: downstairs
D:10 exclusion: oklob plant


Innate Abilities, Weirdness & Mutations

You can breathe blasts of scalding, opaque steam.
Your pale cyan-grey scales are hard. (AC +7)
You cannot fit into any form of body armour.
You are cold-blooded and may be slowed by cold attacks.


Message History

The yak gores you!
* * * LOW HITPOINT WARNING * * *
You feel sick.
You feel sick.
You have got your breath back.
The spiny frog completely misses you.
You feel sick.
The spiny frog is no longer blind.
You feel sick.
Press: ? - help, Shift-Dir - straight line, f/p - yak
Aim: a yak (almost dead)
You exhale a blast of scalding steam.
The ball of steam misses the spiny frog.
The ball of steam hits the yak.
You kill the yak!
Makhleb accepts your kill.
You feel somewhat more hungry.
The spiny frog is engulfed in a cloud of scalding steam.
The spiny frog stings you!!
You die...

##..........#
#.........P###
##.........#.#
#..........# #........Y##
##.........##
##.....(..ยง##### ###
##.......YF...# ##.#
###.......@..####
#####.#.
##...........P####.......
#.......................
##.#..>.................
####...................
####.#........#.....
##.#.....P##.#...
##.####.###.###. #.# #..#
### ##


You could see a yak and a spiny frog.

Vanquished Creatures
  Erolcha (D:10)
  A two-headed ogre (D:10)
  The ghost of Kavrick the Chopper, a novice DsFi of Qazlal (D:6)
  An elephant (D:11)
  A centaur zombie (D:10)
  Psyche (D:8)
  Joseph (D:10)
  A yaktaur (shapeshifter) (D:11)
  3 komodo dragons (Lair:1)
  A queen bee (D:9)
  2 trolls
  2 hippogriffs
  A blink frog (Lair:2)
  A shadow (D:11)
  A hungry ghost (D:8)
  12 yaks
  An acid dragon (D:11)
  4 porcupines
  A necrophage (D:10)
  5 orc warriors
  A sky beast (D:5)
  A black bear (D:7)
  2 ice beasts
  An eye of draining (D:11)
  2 phantoms
  7 crocodiles
  5 ogres
  5 centaurs
  Blork the orc (D:5)
  2 big kobolds
  8 bullfrogs
  3 gnoll sergeants
  4 scorpions
  A water moccasin skeleton (D:4)
  13 killer bees (D:9)
  An electric eel (D:9)
  3 howler monkeys
  5 crimson imps
  4 hounds
  3 jellies
  4 orc priests
  3 centaur skeletons
  3 orc wizards
  2 bullfrog skeletons
  4 iguanas
  5 worker ants
  4 hound skeletons
  A howler monkey zombie (D:9)
  12 adders
  14 gnolls
  4 shadow imps
  An ooze (D:1)
  An adder skeleton (D:9)
  A worm (D:2)
  A dart slug (D:1)
  6 leopard geckos
  28 orcs
  4 giant cockroaches
  8 goblins
  7 hobgoblins
  13 jackals
  21 kobolds
  2 quokkas
  A ball python (D:2)
  5 bats
  7 frilled lizards
  A jackal skeleton (D:5)
  7 rats
284 creatures vanquished.

Vanquished Creatures (collateral kills)
  A two-headed ogre (D:11)
  3 blink frogs (Lair:2)
  A hippogriff (D:11)
  An ogre (D:7)
  A centaur (D:11)
  2 killer bees (D:9)
  A wight (D:5)
  An iguana (D:9)
  3 worker ants (D:7)
  An adder (D:6)
  4 orcs
  A quokka (D:7)
  A kobold (D:10)
21 creatures vanquished.

Vanquished Creatures (others)
  A fungus (D:11)
  A plant (D:10)
2 creatures vanquished.

Grand Total: 307 creatures vanquished

Notes
Turn   | Place    | Note
-------+----------+-------------------------------------------
     0 | D:1      | lilbarb the Draconian Conjurer began the quest for the Orb.
     0 | D:1      | Reached XP level 1. HP: 14/14 MP: 3/3
   256 | D:1      | Reached XP level 2. HP: 20/20 MP: 1/5
   937 | D:1      | Reached XP level 3. HP: 26/26 MP: 3/6
  1408 | D:2      | Learned a level 3 spell: Dazzling Spray
  2004 | D:2      | Reached skill level 5 in Conjurations
  2170 | D:2      | Reached skill level 1 in Hexes
  2170 | D:2      | Reached XP level 4. HP: 33/33 MP: 2/8
  2486 | D:2      | Learned a level 4 spell: Iskenderun's Mystic Blast
  2513 | D:2      | Found a glowing silver altar of Zin.
  2513 | D:2      | Found a sacrificial altar of Ru.
  2522 | D:2      | Found a glowing golden altar of the Shining One.
  2783 | D:2      | Reached XP level 5. HP: 38/38 MP: 0/9
  4472 | D:4      | Noticed a phantom
  4801 | D:4      | Killed a phantom
  4801 | D:4      | Reached XP level 6. HP: 32/45 MP: 3/11
  4911 | D:4      | Found the +9 sword of Zonguldrok {reap}
  5349 | D:5      | Entered Level 5 of the Dungeon
  5349 | D:5      | Noticed a sky beast
  5466 | D:5      | Your scales start taking on a pale cyan-grey colour.
  5466 | D:5      | Reached XP level 7. HP: 30/50 MP: 8/13
  5611 | D:5      | Found an ornate altar of the Wu Jian Council.
  5630 | D:5      | Found a sparkling altar of Nemelex Xobeh.
  5646 | D:5      | Found a hazy altar of Hepliaklqana.
  5937 | D:5      | Reached skill level 5 in Spellcasting
  5953 | D:5      | Found the +8 autumn katana {slice, Clar}
  6167 | D:5      | Reached XP level 8. HP: 44/57 MP: 11/16
  6194 | D:5      | Noticed Blork the orc
  6204 | D:5      | Killed Blork the orc
  6204 | D:5      | Reached skill level 1 in Fighting
  6761 | D:5      | Found a hide-covered altar of Uskayaw.
  6827 | D:6      | Noticed a troll
  6833 | D:6      | Killed a troll
  7238 | D:6      | Found a staircase to the Ecumenical Temple.
  7245 | Temple   | Entered the Ecumenical Temple
  7485 | Temple   | Became a worshipper of Vehumet
  7557 | D:6      | Reached skill level 1 in Short Blades
  7574 | D:6      | Noticed Kavrick's ghost (novice DsFi)
  7586 | D:6      | Killed Kavrick's ghost
  7726 | D:6      | Found an opulent altar of Gozag.
  7955 | D:7      | Reached XP level 9. HP: 72/72 MP: 14/19
  8261 | D:7      | Reached skill level 5 in Fighting
  8586 | D:7      | Fell from the grace of Vehumet
  8685 | Temple   | Became a worshipper of Makhleb the Destroyer
  9736 | D:8      | Noticed Psyche
  9747 | D:8      | Killed Psyche
  9747 | D:8      | Reached skill level 5 in Short Blades
  9786 | D:8      | Reached * piety under Makhleb
 10351 | D:8      | Reached XP level 10. HP: 81/84 MP: 13/22
 10717 | D:9      | Reached ** piety under Makhleb
 11304 | D:9      | Found Etzuhiov's Weapon Emporium.
 11358 | D:9      | Reached skill level 1 in Long Blades
 11387 | D:9      | HP: 4/86 [poisoned by a killer bee]
 11392 | D:9      | HP: 3/86 [poisoned by a killer bee]
 11397 | D:9      | HP: 2/86 [poisoned by a killer bee]
 12025 | D:10     | Entered Level 10 of the Dungeon
 12282 | D:10     | Found Bydwics's Armour Shop.
 12290 | D:10     | Bought a +0 buckler for 63 gold pieces
 12607 | D:10     | Noticed Joseph
 12609 | D:10     | Noticed a two-headed ogre
 12616 | D:10     | Killed Joseph
 12629 | D:10     | Killed a two-headed ogre
 12629 | D:10     | Reached skill level 1 in Shields
 13092 | D:10     | Reached *** piety under Makhleb
 13304 | D:10     | Found a blossoming altar of Fedhas.
 13367 | D:10     | Noticed an oklob plant
 13641 | D:10     | Noticed Erolcha
 13956 | D:9      | Was forgiven by Vehumet
 14370 | D:10     | Killed Erolcha
 14370 | D:10     | Reached skill level 5 in Long Blades
 14370 | D:10     | Reached XP level 11. HP: 62/93 MP: 0/23
 14712 | D:11     | Found a staircase to the Lair.
 14750 | D:11     | Noticed a two-headed ogre
 14754 | D:11     | Reached skill level 5 in Dodging
 14758 | D:11     | Killed a two-headed ogre
 15093 | D:11     | Found a staircase to the Orcish Mines.
 16102 | Lair:1   | Entered Level 1 of the Lair of Beasts
 16217 | Lair:1   | Found a shadowy altar of Dithmenos.
 17788 | Lair:2   | Reached **** piety under Makhleb
 18089 | Lair:2   | Mangled by a spiny frog

Vault maps used:
D:1:      lightli_arrival_statue_moat, grunt_decor_resistance, hex_medium,
          supply_closet_lemuel
D:2:      grunt_temple_overflow_open
D:3:      first_ration
D:5:      nicolae_overflow_quartered_altars, roderic_lattice_a, sword_in_stone
D:6:      minmay_temple_entry_fiery, nicolae_gozag_seed_capital
D:8:      uniq_psyche
D:9:      serial_shops, nicolae_shop_waterfront, serial_bayou_pond_b,
          david_nohive_1
D:10:     serial_shops, nicolae_shop_behind_doors, tgw_fedhas, uniq_erolcha,
          uniq_joseph
D:11:     david_lair_generic, david_orc_1_choice, david_defended_altar_elf
Temple:   regret_index_temple_generic_petals
Lair:1:   basic_altar, serial_bayou_lagoon_a
Lair:2:   minmay_shoals_entry_hut

Skill      XL: |  1  2  3  4  5  6  7  8  9 10 11 |
---------------+----------------------------------+-----
Conjurations   | 5 6 7 8 |  8.1
Hexes          | 1 2 |  2.0
Spellcasting   | 3 4 5 6 8 9 |  9.5
Fighting       | 4 6 8 9 |  9.1
Short Blades   | 3 5 6 |  6.2
Dodging        | 3 4 5 |  5.9
Long Blades    | 5 7 |  7.5
Shields        | 2 4 |  4.0
Stealth        | |  1.7

Action                   |  1- 3 |  4- 6 |  7- 9 | 10-12 || total
-------------------------+-------+-------+-------+-------++-------
Melee: Unarmed           |    12 |       |       |       ||    12
       Tailslap          |     1 |     3 |    13 |    21 ||    38
       Dagger            |    10 |       |       |       ||    10
       Whip              |     5 |    28 |       |       ||    33
       Rapier            |       |    18 |       |       ||    18
       Double sword      |       |     7 |   131 |   271 ||   409
Throw: Throwing net      |       |       |       |     1 ||     1
 Cast: Magic Dart        |    92 |   104 |    68 |    65 ||   329
       Dazzling Spray    |     2 |     5 |     7 |    20 ||    34
       Iskenderun's Myst |       |     2 |    19 |    32 ||    53
Invok: Renounce Religion |       |       |     1 |       ||     1
 Abil: Breathe Steam     |       |       |     1 |    13 ||    14
  Use: Scroll            |       |     3 |     4 |    11 ||    18
       Potion            |       |       |       |     1 ||     1
 Stab: Sleeping          |     1 |       |     4 |     1 ||     6
       Invisible         |       |       |     1 |       ||     1
  Eat: Chunk             |     3 |     4 |     4 |     7 ||    18
       Ration            |     1 |     2 |     5 |     6 ||    14
Armor: Skin              |     8 |    31 |    52 |    76 ||   167
Dodge: Dodged            |    19 |    45 |   116 |   209 ||   389
Block: Buckler           |       |       |       |    31 ||    31
       Rpst.: Double sword |       |     3 |    31 |    61 ||    95

Table legend:
 A = Spawn XP
 B = Non-spawn XP
 C = Spawn XP percentage of total XP
 D = Spawn monster count
 E = Non-spawn monster count
 F = Spawn count percentage of total count
 G = Total turns spent on level
                    A         B        C        D         E        F      G
               +---------+---------+-------+---------+---------+-------+---------
         Total |       0 |   20673 |   0.0 |       0 |     305 |   0.0 | 18089
               +---------+---------+-------+---------+---------+-------+---------
           D:1 |       0 |      64 |   0.0 |       0 |      28 |   0.0 |  1675
           D:2 |       0 |     133 |   0.0 |       0 |      28 |   0.0 |  1463
           D:3 |       0 |      67 |   0.0 |       0 |      19 |   0.0 |  1081
           D:4 |       0 |     342 |   0.0 |       0 |      12 |   0.0 |  1148
           D:5 |       0 |     975 |   0.0 |       0 |      16 |   0.0 |  1439
           D:6 |       0 |    1176 |   0.0 |       0 |      16 |   0.0 |  1263
           D:7 |       0 |    1300 |   0.0 |       0 |      25 |   0.0 |  1177
           D:8 |       0 |    1751 |   0.0 |       0 |      28 |   0.0 |  1022
           D:9 |       0 |    1852 |   0.0 |       0 |      37 |   0.0 |  2190
          D:10 |       0 |    4020 |   0.0 |       0 |      38 |   0.0 |  1897
          D:11 |       0 |    3591 |   0.0 |       0 |      31 |   0.0 |  1433
        Lair:1 |       0 |    2696 |   0.0 |       0 |      13 |   0.0 |  1518
        Lair:2 |       0 |    2706 |   0.0 |       0 |      14 |   0.0 |   469
               +---------+---------+-------+---------+---------+-------+---------
